 Dungeon Crawl Stone Soup version 0.23.1 (webtiles) character file.

Game seed: 2529624823529029293

1220 Borgoz the Sneak (level 8, -1/60 (61) HPs)
             Began as a Ghoul Enchanter on Mar 4, 2019.
             Was an Initiate of Ashenzari.
             Killed by divine providence
             ... invoked by an orc priest
              (17 damage)
             ... on level 6 of the Dungeon.
             The game lasted 00:18:49 (8062 turns).

Borgoz the Sneak (Ghoul Enchanter)                  Turns: 8062, Time: 00:18:50

HP:   -1/60 (61)    AC:  8    Str: 12    XL:     8   Next: 47%
MP:   0/10          EV: 13    Int: 11    God:    Ashenzari [......]
Gold: 271           SH:  0    Dex: 10    Spells: 5/11 levels left

rFire    . . .     SeeInvis .   a - +1 dagger
rCold    + + .     Gourm    .   (no shield)
rNeg     + + +     Faith    .   h - +1 leather armour {rC+}
rPois    ∞         Spirit   .   (no helmet)
rElec    .         Reflect  .   y - +2 cloak
rCorr    .         Harm     .   (no gloves)
MR       .....                  u - +0 pair of boots
Stlth    +++.......             (no amulet)
HPRegen  0.00/turn              (no ring)
MPRegen  0.12/turn              (no ring)

@: rotting
A: rotting body, claws 1, carnivore, cold resistance 1, negative energy
resistance 3, inhibited regeneration, torment resistance, unbreathing
a: Curse Item, Renounce Religion


You were on level 6 of the Dungeon.
You worshipped Ashenzari.
Ashenzari was noncommittal.
You were not hungry.

You visited 2 branches of the dungeon, and saw 7 of its levels.

You collected 271 gold pieces.

Inventory:

Hand Weapons
 a - a +1 dagger (weapon)
 b - a +0 blowgun
 g - a +2 quarterstaff of chaos
Missiles
 m - 2 tomahawks of returning (quivered)
 q - 30 poisoned needles
Armour
 h - a +1 leather armour of cold resistance (worn)
 u - a +0 pair of boots (worn)
 y - a +2 cloak (worn)
Jewellery
 l - an uncursed ring of fire
 r - an uncursed ring of resist corrosion
Wands
 c - a wand of flame (4)
 j - a wand of clouds (5)
Scrolls
 e - a scroll of fear {unknown}
 i - 3 scrolls of remove curse
 n - a scroll of teleportation
 o - a scroll of magic mapping {unknown}
 s - a scroll of immolation
 t - a scroll of enchant weapon
 w - 2 scrolls of amnesia
Potions
 f - a potion of flight
 k - a potion of cancellation
Comestibles
 d - 6 rations


   Skills:
 + Level 2.0 Fighting
 * Level 5.6 Short Blades
 + Level 1.4 Armour
 * Level 4.6 Dodging
 + Level 6.1 Stealth
 + Level 2.4 Spellcasting
 + Level 2.9 Hexes


You had 5 spell levels left.
You knew the following spells:

 Your Spells              Type           Power        Failure   Level  Hunger
a - Corona                Hex            #......      11%         1    ##.....
b - Ensorcelled Hibernat  Hex/Ice        #.....       28%         2    ###....
c - Confuse               Hex            #.......     32%         3    ####...

Your spell library contained the following spells:

 Spells                   Type           Power        Failure   Level  Hunger
 Tukima's Dance           Hex            #.......     32%         3    ####...
 Dazzling Spray           Conj/Hex       #.....       50%         3    ####...


Dungeon Overview and Level Annotations

Branches:
Dungeon (6/15)             Temple (1/1) D:4

Altars:
Ashenzari
Cheibriados
Dithmenos
Elyvilon
Fedhas
Gozag
Kikubaaqudgha
Makhleb
Nemelex Xobeh
Okawaru
Qazlal
Ru
Sif Muna
Uskayaw
Vehumet
Wu Jian
Yredelemnul
Zin
The Shining One


Innate Abilities, Weirdness & Mutations

Your body is rotting away.
You thrive on raw meat.
You are immune to poison.
You have sharp fingernails.
You are carnivorous and can eat meat at any time.
Your flesh is cold resistant. (rC+)
You are immune to negative energy. (rN+++)
You do not regenerate when monsters are visible.
You are immune to unholy pain and torment.
You can survive without breathing.


Message History

* * * LOW HITPOINT WARNING * * *
Casting: Ensorcelled Hibernation (safe; 28% risk of failure)
Confirm with . or Enter, or press ? or * to list all spells.
Aiming: Ensorcelled Hibernation (safe; 28% risk of failure)
Press: ? - help, Shift-Dir - straight line, f - orc priest
Aim: an orc priest, wielding a +0 war axe (heavily wounded, chance to defeat MR: 36%)
The orc priest easily resists.
You hit the orc priest.
The orc priest is severely wounded.
The orc priest misses you.
You hit the orc priest.
The orc priest is almost dead.
The orc priest misses you.
You barely miss the orc priest.
The orc priest is almost dead.
You hit the orc priest.
The orc priest is almost dead.
The orc priest calls down the wrath of Beogh upon you.
Beogh smites you!
You die...

.##... #..$.....
#.$......
#############
#........
#...........>
#........
#.###########
#....#.#. #.# #.
+o...._..#####.#
##...##....# #o@.....#
#......<#......#######
#.....#.#.#..## #....
..# #o .... ##.# # ##.
#.. # ###


You could see 2 orc priests.

Vanquished Creatures
  Sigmund (D:4)
  Eustachio (D:4)
  Edmund (D:4)
  A phantom (D:4)
  2 centaurs
  2 howler monkeys
  A crimson imp (D:5)
  A hound (D:4)
  2 orc priests (D:5)
  A bullfrog skeleton (D:5)
  Ijyb (D:4)
  An orc wizard (D:6)
  Crazy Yiuf (D:4)
  An iguana (D:5)
  A worker ant (D:4)
  A howler monkey zombie (D:5)
  4 adders (D:3)
  3 gnolls
  An adder skeleton (D:5)
  5 worms
  3 leopard geckos
  14 orcs
  10 giant cockroaches
  5 goblins
  8 hobgoblins
  11 jackals
  4 kobolds
  A quokka (D:3)
  4 ball pythons
  10 bats
  3 frilled lizards
  5 rats
110 creatures vanquished.

Vanquished Creatures (others)
  A plant (D:3)
1 creature vanquished.

Grand Total: 111 creatures vanquished

Notes
Turn   | Place    | Note
-------+----------+-------------------------------------------
     0 | D:1      | Borgoz the Ghoul Enchanter began the quest for the Orb.
     0 | D:1      | Reached XP level 1. HP: 14/14 MP: 2/2
    71 | D:1      | Reached skill level 1 in Short Blades
   141 | D:2      | Reached XP level 2. HP: 10/20 MP: 3/3
   150 | D:2      | Learned a level 2 spell: Ensorcelled Hibernation
   898 | D:1      | Reached XP level 3. HP: 19/26 MP: 4/4
  1712 | D:2      | Found a deep blue altar of Sif Muna.
  2081 | D:3      | Found a faded altar of an unknown god.
  2151 | D:3      | Reached XP level 4. HP: 30/33 MP: 2/5
  2202 | D:3      | Reached skill level 4 in Stealth
  2453 | D:4      | Noticed a centaur
  2476 | D:4      | Killed a centaur
  2476 | D:4      | Reached XP level 5. HP: 8/38 MP: 4/6
  3016 | D:3      | Found a burning altar of Makhleb.
  3116 | D:3      | Found a sacrificial altar of Ru.
  3594 | D:4      | Noticed Eustachio
  4067 | D:4      | Noticed Ijyb
  4123 | D:4      | Killed Ijyb
  4123 | D:4      | Reached XP level 6. HP: 16/45 MP: 0/7
  4334 | D:4      | Noticed a phantom
  4346 | D:5      | Entered Level 5 of the Dungeon
  4366 | D:4      | Learned a level 3 spell: Confuse
  4655 | D:4      | Killed Eustachio
  4655 | D:4      | Reached skill level 5 in Stealth
  4655 | D:4      | Reached XP level 7. HP: 18/49 MP: 3/8
  5175 | D:4      | Noticed Sigmund
  5308 | D:5      | Found a shadowy altar of Dithmenos.
  5429 | D:5      | Noticed a +0 hand axe
  5431 | D:5      | Noticed a +0 hand axe
  5652 | D:4      | Reached skill level 5 in Short Blades
  5891 | D:4      | Reached skill level 1 in Fighting
  6038 | D:4      | Found a staircase to the Ecumenical Temple.
  6044 | Temple   | Entered the Ecumenical Temple
  6294 | Temple   | Became a worshipper of Ashenzari the Shackled
  6378 | D:4      | Noticed Edmund
  6393 | D:4      | HP: 2/52 [Sigmund/+2 scythe of flaming (1)]
  6401 | D:4      | Killed Edmund
  6407 | D:4      | HP: 1/52 [Sigmund/+2 scythe of flaming (2)]
  6730 | D:4      | Killed Sigmund
  6730 | D:4      | Reached skill level 1 in Armour
  6730 | D:4      | Reached XP level 8. HP: 58/58 MP: 7/10
  6798 | D:4      | Found a runed translucent door.
  6799 | D:4      | Noticed Crazy Yiuf
  6966 | D:4      | Killed Crazy Yiuf
  7088 | D:5      | Found a hide-covered altar of Uskayaw.
  7142 | D:5      | Reached skill level 6 in Stealth
  7595 | D:6      | Found an ornate altar of the Wu Jian Council.
  8062 | D:6      | Killed from afar by an orc priest

Skill      XL: |  1  2  3  4  5  6  7  8 |
---------------+-------------------------+-----
Short Blades   | 1 2 3 4 5 |  5.6
Dodging        | 2 3 4 |  4.6
Stealth        | 4 5 6 |  6.1
Fighting       | 1 2 |  2.0
Spellcasting   | 2 |  2.4
Armour         | 1 |  1.4
Hexes          | |  2.9

Action                   |  1- 3 |  4- 6 |  7- 9 || total
-------------------------+-------+-------+-------++-------
Melee: Dagger            |   150 |   271 |   315 ||   736
 Cast: Corona            |     4 |     6 |       ||    10
       Ensorcelled Hiber |     1 |    18 |    27 ||    46
       Confuse           |       |     3 |       ||     3
  Use: Potion            |       |     9 |     5 ||    14
       Scroll            |       |       |     9 ||     9
 Stab: Sleeping          |     6 |    15 |    15 ||    36
  Eat: Chunk             |     9 |    25 |    19 ||    53
Armor: Robe              |    25 |       |       ||    25
       Leather armour    |    17 |    78 |    59 ||   154
Dodge: Dodged            |    98 |   202 |   179 ||   479
